 Dungeon Crawl Stone Soup version 0.19-a0-965-g50bf062 (webtiles) character file.

54 TheGoonsmith the Firebug (level 3, -1/19 HPs)
             Began as a Gargoyle Fire Elementalist on July 12, 2016.
             Slain by a quokka (4 damage)
             ... on level 3 of the Dungeon.
             The game lasted 00:01:54 (1695 turns).

TheGoonsmith the Firebug (GrFE)                     Turns: 1695, Time: 00:01:54

Health: -1/19      AC:  5    Str: 11    XL:     3   Next: 91%
Magic:  1/6        EV: 12    Int: 16    God:
Gold:   83         SH:  0    Dex: 10    Spells: 1 memorised, 5 levels left

rFire  . . .     SeeInvis .     e - +0 mace
rCold  . . .     Gourm    .     a - +0 robe
rNeg   + . .     Faith    .     (no shield)
rPois  ∞         Spirit   .     (no helmet)
rElec  +         Dismiss  .     (no cloak)
rCorr  .         Reflect  .     (no gloves)
SustAt .         Harm     .     (no boots)
MR     .....                    (no amulet)
Stlth  ++........               (no ring)
                                (no ring)

@: not resistant to hostile enchantments, unstealthy
A: negative energy resistance 1, electricity resistance, unbreathing,
petrification resistance, rot immunity, AC +3
a: no special abilities


You were on level 3 of the Dungeon.
You were very hungry.

You visited 1 branch of the dungeon, and saw 3 of its levels.

You collected 83 gold pieces.

Inventory:

Hand Weapons
 e - a +0 mace (weapon)
Armour
 a - a +0 robe (worn)
Jewellery
 l - an uncursed ring of magical power {unknown}
Scrolls
 f - a scroll of remove curse {unknown}
 h - a scroll of noise {unknown}
 i - a scroll of amnesia {unknown}
 k - 3 scrolls of identify {unknown}
 m - 2 scrolls of enchant armour {unknown}
Potions
 d - a potion of haste {unknown}
 j - a potion of ambrosia {unknown}
 o - 2 potions of magic {unknown}
 p - a potion of curing {unknown}
Books
 b - a book of Flames

   Spells                             Type                      Level
   a - Flame Tongue                   Conjuration/Fire             1
   b - Throw Flame                    Conjuration/Fire             2
   c - Conjure Flame                  Conjuration/Fire             3
   d - Inner Flame                    Hexes/Fire                   3
   e - Sticky Flame                   Conjuration/Fire             4
   f - Fireball                       Conjuration/Fire             5
Comestibles
 c - 2 bread rations
 g - 2 beef jerkies
 n - a meat ration


   Skills:
 - Level 1.5 Dodging
 - Level 2.1 Stealth
 + Level 2.3 Spellcasting
 * Level 3.1 Conjurations
 + Level 3.3 Fire Magic


You had 5 spell levels left.
You knew the following spells:

 Your Spells              Type           Power        Failure   Level  Hunger
a - Flame Tongue          Conj/Fire      ##...        8%          1    #......


Dungeon Overview and Level Annotations

Branches:
Dungeon (3/15)

Altars:
Pakellas


Innate Abilities, Weirdness & Mutations

You are resistant to torment.
Your stone body is resilient. (AC +3)
You are immune to poison.
You resist negative energy. (rN+)
You are resistant to electric shocks. (rElec)
You can survive without breathing.
You are immune to petrification.
You are immune to rotting.


Message History

The flame tongue hits the quokka.
The quokka is severely wounded.
The quokka bites you but does no damage.
You barely miss the quokka.
The quokka is heavily wounded.
The quokka completely misses you. The quokka bites you.
* * * LOW HITPOINT WARNING * * *
You hit the quokka but do no damage.
The quokka is heavily wounded.
The quokka bites you.
* * * LOW HITPOINT WARNING * * *
The quokka bites you but does no damage.
You closely miss the quokka.
The quokka is moderately wounded.
The quokka bites you.
* * * LOW HITPOINT WARNING * * *
The quokka bites you but does no damage.
Your magical contamination has completely faded away.
The quokka bites you.
You die...

#.........#
#.........#
#######.........#
................##
........##†.......
........##..[.....
......†...........
.........r....>...
.......#@..#######
....%..#.###
.......#.#
#..#####.#######
##.###.........#
..............#
##.##.........#
######+##.........#
#.........#..######


You could see a quokka.

Vanquished Creatures
  An adder (D:3)
  2 worms (D:2)
  2 dart slugs (D:1)
  A giant gecko (D:2)
  A giant cockroach (D:3)
  4 goblins
  6 hobgoblins
  3 kobolds
  5 bats
  3 giant newts
  6 rats
34 creatures vanquished.

Notes
Turn   | Place    | Note
-------+----------+-------------------------------------------
     0 | D:1      | TheGoonsmith the Gargoyle Fire Elementalist began the quest for the Orb.
     0 | D:1      | Reached XP level 1. HP: 10/10 MP: 3/3
   271 | D:1      | Reached XP level 2. HP: 15/15 MP: 3/5
   938 | D:2      | Reached XP level 3. HP: 19/19 MP: 4/6
  1285 | D:2      | Found a faded altar of an unknown god.
  1397 | D:2      | Found an oddly glowing altar of Pakellas.
  1695 | D:3      | Slain by a quokka

Vault maps used:
D:1:      lightli_arrival_lavapool
D:2:      ecumenical_altar_2, st_stairs_12, grunt_pakellas_basics
D:3:      gammafunk_temple_overflow_elements, first_bread, uniq_terence,
          uniq_natasha

Skill      XL: |  1  2  3 |
---------------+----------+-----
Conjurations   | 2 3 |  3.1
Dodging        | |  1.5
Stealth        | |  2.1
Spellcasting   | |  2.3
Fire Magic     | |  3.3

Action                   || total
-------------------------++-------
Melee: Unarmed           ||     3
       Mace              ||    19
 Cast: Flame Tongue      ||    62
  Eat: Chunk             ||     2
Armor: Robe              ||    14
Dodge: Dodged            ||    26
